 Dungeon Crawl Stone Soup version 0.30.1-8-g117510f58f (webtiles) character file.

Game seed: 10329150005393940558

5091 booth the Basher (level 10, -13/66 HPs)
             Began as a Gargoyle Monk on Sept 21, 2023.
             Was a Priest of Qazlal.
             Mangled by an orc warlord
             ... wielding a +4 broad axe
              (20 damage)
             ... in a bailey on Sept 22, 2023.
             The game lasted 00:40:09 (5912 turns).

booth the Basher (Gargoyle Monk)                    Turns: 5912, Time: 00:40:11

Health: -13/66     AC: 17    Str: 19    XL:     10   Next: 57%
Magic:  8/15       EV: 13    Int: 11    God:    Qazlal [***...]
Gold:   306        SH:  7    Dex: 12    Spells: 9/9 levels left

rFire   + . .        a - +0 mace
rCold   . . .        t - +0 buckler
rNeg    + . .        i - +3 leather armour {rF+}
rPois   ∞            (no helmet)
rElec   +            (no cloak)
rCorr   +            B - +1 pair of gloves
SInv    .            q - +1 pair of boots
Will    .....        l - amulet of the acrobat
Stlth   +            w - ring of resist corrosion
HPRegen 0.31/turn    (no ring)
MPRegen 0.14/turn

%: acrobat
@: about to teleport
A: sickness immunity, AC +7, negative energy resistance 1, electricity
resistance, torment resistance 1, petrification resistance, hooves 1, screaming
1
a: Renounce Religion, Upheaval, Elemental Force


You were in a bailey.
You worshipped Qazlal.
Qazlal was most pleased with you.
You visited 1 branch of the dungeon, and saw 7 of its levels.
You also visited: Bailey.

You collected 306 gold pieces.

Inventory:

Hand Weapons
 a - a +0 mace (weapon)
 j - a +0 hand axe
 n - a +0 war axe
Missiles
 k - 21 poisoned darts
 C - 21 boomerangs (quivered)
Armour
 d - an orb of light
 h - a +3 ring mail
 i - a +3 leather armour of fire resistance (worn)
 q - a +1 pair of boots (worn)
 t - a +0 buckler (worn)
 B - a +1 pair of gloves (worn)
Jewellery
 l - an amulet of the acrobat (around neck)
 w - a ring of resist corrosion (left hand)
 z - a ring of fire
Wands
 m - a wand of flame (18)
 v - a wand of polymorph (6)
 x - a wand of paralysis (5)
 y - a wand of roots (7)
Scrolls
 b - a scroll of amnesia
 p - 2 scrolls of fog
 s - a scroll of magic mapping
 A - a scroll of blinking {unknown}
 F - a scroll of butterflies
Potions
 c - a potion of ambrosia
 e - 4 potions of haste
 f - 2 potions of flight
 g - 2 potions of resistance
 o - a potion of brilliance
 r - 3 potions of heal wounds
 u - 2 potions of curing
 D - a potion of might {unknown}
 G - a potion of mutation


   Skills:
 + Level 9.0 Fighting
 * Level 11.1 Maces & Flails
 + Level 4.8 Throwing
 + Level 5.4 Dodging
 + Level 7.4 Invocations


You had 9 spell levels left.
You didn't know any spells.
Your spell library contained the following spells:

 Spells                   Type           Power      Damage    Failure   Level
 Blink                    Tloc           0%         N/A       63%         2
 Lesser Beckoning         Tloc           0%         N/A       63%         2
 Momentum Strike          Conj/Tloc      0%         3d8       63%         2
 Dazzling Flash           Conj/Hex       0%         N/A       86%         3
 Inner Flame              Hex/Fire       0%         N/A       86%         3
 Volatile Blastmotes      Fire/Tloc      0%         2d10      86%         3
 Flame Wave               Conj/Fire      0%         2d4       99%         4
 Iskenderun's Mystic Bla  Conj/Tloc      0%         2d3       99%         4
 Sticky Flame             Conj/Fire      0%         2d3       99%         4
 Starburst                Conj/Fire      0%         6d3       100%        6


Dungeon Overview and Level Annotations

Branches:
Dungeon (7/15)             Temple (0/1) D:5          Bailey (1/1)

Altars:
Ashenzari
Dithmenos
Elyvilon
Hepliaklqana
Qazlal
Vehumet
Wu Jian
Yredelemnul
The Shining One

Shops:
D:4 *   D:5 *


Innate Abilities, Weirdness & Mutations

You are immune to sickness and miasma.
Your stone body is resilient. (AC +7)
You are immune to poison.
You resist negative energy. (rN+)
You are resistant to electric shocks. (rElec)
You are resistant to unholy torment.
You are immune to petrification.
You have large cloven feet.
You occasionally shout uncontrollably at your foes.


Message History

Your air elemental hits the orc warlord. x2
The orc warlord is engulfed in a thunderstorm.
The orc warlord hits you with a +4 broad axe!
The orc warlord closely misses your air elemental.
The orc warlord hits your water elemental with a +4 broad axe!
You hit the orc warlord but do no damage.
The orc warlord is severely wounded.
Your air elemental hits the orc warlord.
Your air elemental barely misses the orc warlord.
Your water elemental hits the orc warlord.
Your water elemental engulfs the orc warlord in water!
You closely miss the orc warlord.
The orc warlord is severely wounded.
Your air elemental disappears in a puff of smoke!
The orc warlord is asphyxiated!
You block the orc warlord's attack.
The orc warlord hits your water elemental with a +4 broad axe!!
Your water elemental is destroyed!
Your water elemental disappears in a puff of smoke!
The orc warlord hits your water elemental with a +4 broad axe!
Your water elemental is destroyed!
Your water elemental disappears in a puff of smoke!
You hit the orc warlord.
The orc warlord is severely wounded.
The orc warlord hits you with a +4 broad axe!
You barely miss the orc warlord.
The orc warlord is severely wounded.
The orc warlord hits you with a +4 broad axe!
You hit the orc warlord but do no damage.
The orc warlord is severely wounded.
The orc warlord hits you with a +4 broad axe!
* * * LOW HITPOINT WARNING * * *
Aiming: Upheaval
Press: ? - help, Dir - move target, f - orc warlord
Aim: an orc warlord, wielding a +4 broad axe and wearing a +0 chain mail (severely wounded) That beam is likely to hit you.
Continue anyway?
Okay, then.
As you read the scroll of teleportation, it crumbles to dust.
You feel strangely unstable.
The orc warlord hits you with a +4 broad axe!!
You die...

♣♣...~~~.#~.........~#)~~~...♣
♣...~~~.#~~.8...8.~~#.~~~...♣
♣♣..###'###.......###'###..♣♣
♣.##....#~.8...8.~#....##.♣
♣##.....#~~~~~~~~~#.....##♣
##......####~~~####......##
#...8......#'''#......8...#
#...........○o............#
#............@............#
##..8..8...........8..8..##
##.......#######.......##
##.....## ##.....## ##...##
##...## ##### #####


You could see an orc warlord.

Vanquished Creatures
  Grinder (D:6)
  A yak (D:7)
  A steam dragon (D:6)
  A water moccasin (D:4)
  A black bear (D:5)
  2 orc warriors (Bailey)
  An ice beast (D:5)
  An ogre (D:6)
  2 phantoms (D:6)
  A bullfrog (D:7)
  3 scorpions
  2 jellies
  An orc priest (D:3)
  5 hounds
  Jessica (D:2)
  3 orc wizards
  2 sleepcaps (D:5)
  3 iguanas
  Ijyb (D:5)
  4 adders
  7 gnolls
  An ufetubus (D:4)
  2 worms
  3 dart slugs (D:1)
  21 orcs
  5 bats
  3 endoplasms
  7 giant cockroaches
  10 hobgoblins
  5 jackals
  15 kobolds
  3 quokkas
  4 ball pythons
  A frilled lizard (D:2)
  12 goblins
  3 rats
139 creatures vanquished.

Vanquished Creatures (collateral kills)
  An orc knight (Bailey)
  An orc (Bailey)
  A hobgoblin (Bailey)
3 creatures vanquished.

Grand Total: 142 creatures vanquished

Notes
Turn   | Place    | Note
-------+----------+-------------------------------------------
     0 | D:1      | booth the Gargoyle Monk began the quest for the Orb.
     0 | D:1      | Reached XP level 1. HP: 14/14 MP: 1/1
   205 | D:1      | Reached XP level 2. HP: 17/19 MP: 2/2
   655 | D:2      | Reached XP level 3. HP: 24/24 MP: 3/3
   704 | D:2      | Noticed Jessica
   714 | D:2      | Killed Jessica
   799 | D:2      | Found a glowing golden altar of the Shining One.
   840 | D:2      | Reached XP level 4. HP: 29/29 MP: 4/4
  1008 | D:2      | Reached skill level 4 in Maces & Flails
  1777 | D:3      | Noticed a scorpion
  1799 | D:3      | Killed a scorpion
  1800 | D:3      | Reached XP level 5. HP: 20/34 MP: 5/5
  1804 | D:3      | Found a stormy altar of Qazlal.
  1809 | D:3      | Found a hazy altar of Hepliaklqana.
  1948 | D:3      | Found a shadowy altar of Dithmenos.
  1955 | D:3      | Found a broken altar of Ashenzari.
  1970 | D:3      | Became a worshipper of Qazlal Stormbringer
  1970 | D:3      | Reached * piety under Qazlal
  1970 | D:3      | Reached ** piety under Qazlal
  2175 | D:3      | Gained mutation: You expend magic power (3 MP) to
                  | strengthen your wands. [potion of mutation]
  2175 | D:3      | Gained mutation: You occasionally shout uncontrollably at
                  | your foes. [potion of mutation]
  2175 | D:3      | Gained mutation: You are weak. (Str -2) [potion of
                  | mutation]
  2175 | D:3      | Gained mutation: You are strong-willed. (Will+) [potion of
                  | mutation]
  2182 | D:3      | Reached skill level 5 in Maces & Flails
  2182 | D:3      | Reached XP level 6. HP: 25/39 MP: 6/6
  2234 | D:3      | Upgraded the game from 0.30.1-6-gbe392663c4 to
                  | 0.30.1-8-g117510f58f
  2377 | D:4      | Found Igien's Overcharged Wands.
  2519 | D:4      | Lost mutation: You are strong-willed. (Will+) [potion of
                  | mutation]
  2519 | D:4      | Lost mutation: You expend magic power (3 MP) to strengthen
                  | your wands. [potion of mutation]
  2519 | D:4      | Lost mutation: You are weak. (Str -2) [potion of mutation]
  2519 | D:4      | Gained mutation: You have large cloven feet. [potion of
                  | mutation]
  2570 | D:4      | Found an ornate altar of the Wu Jian Council.
  3009 | D:4      | Found a basalt altar of Yredelemnul.
  3266 | D:5      | Entered Level 5 of the Dungeon
  3266 | D:5      | Noticed a water moccasin
  3278 | D:4      | Killed a water moccasin
  3279 | D:4      | Reached skill level 5 in Fighting
  3279 | D:4      | Reached skill level 1 in Invocations
  3279 | D:4      | Reached XP level 7. HP: 33/44 MP: 6/8
  3464 | D:5      | Found a white marble altar of Elyvilon.
  3504 | D:5      | Reached skill level 6 in Maces & Flails
  3521 | D:5      | Found a staircase to the Ecumenical Temple.
  3546 | D:5      | Reached *** piety under Qazlal
  3627 | D:5      | Noticed Ijyb
  3638 | D:5      | Killed Ijyb
  3775 | D:5      | Found Kojywia's Assorted Antiques.
  3788 | D:5      | Reached XP level 8. HP: 39/50 MP: 9/9
  4137 | D:6      | Noticed Grinder
  4138 | D:6      | Paralysed by Grinder for 2 turns
  4164 | D:6      | Killed Grinder
  4165 | D:6      | Reached skill level 7 in Maces & Flails
  5042 | D:6      | Reached skill level 5 in Dodging
  5042 | D:6      | Reached XP level 9. HP: 47/56 MP: 12/12
  5205 | D:6      | Found a radiant altar of Vehumet.
  5330 | D:7      | Found a flagged portal.
  5352 | D:7      | Reached skill level 8 in Maces & Flails
  5398 | Bailey   | Entered a bailey
  5453 | Bailey   | Noticed an orc warlord
  5463 | Bailey   | Reached **** piety under Qazlal
  5505 | Bailey   | Noticed an orc knight
  5521 | Bailey   | Reached skill level 1 in Throwing
  5534 | Bailey   | Killed an orc knight
  5627 | Bailey   | Reached skill level 5 in Invocations
  5753 | Bailey   | Found a runed translucent gate.
  5756 | Bailey   | Found a runed translucent gate.
  5766 | Bailey   | Reached skill level 11 in Maces & Flails
  5766 | Bailey   | Reached XP level 10. HP: 66/66 MP: 12/15
  5792 | Bailey   | Found a runed translucent gate.
  5912 | Bailey   | Mangled by an orc warlord

Illustrated notes

Levels and vault maps discovered:
D:1:      eino_arrival_cavern_a, layout_rooms
D:2:      layout_basic, basic_altar, chequers_serial_rivers_small_b,
          minivault_14, grunt_ministairs_3, minmay_strange_pillars, uniq_jessica
D:3:      layout_rooms, grunt_temple_overflow_open
D:4:      layout_loops_ring, mainiacjoe_overflow_24_doors,
          mainiacjoe_overflow_alcove_2, chequers_serial_rivers_micro_e,
          nicolae_shop_overcharged_wands
D:5:      layout_rooms, overflow_temple_1_default, temple_doors_e, serial_shops,
          nicolae_shop_overgrown_old_shop, uniq_ijyb
D:6:      layout_basic, mainiacjoe_overflow_alcove_4, st_stairs_6, uniq_grinder
D:7:      layout_loops_ring, minitemple, serial_shops, shop, enter_bailey_5,
          minmay_hedge_maze, minmay_misc_feat_x
Bailey:   bailey_axe_bossmonster_kennysheep, bailey

Skill      XL: |  1  2  3  4  5  6  7  8  9 |
---------------+----------------------------+-----
Fighting       | 4 5 6 9 |  9.0
Maces & Flails | 4 5 6 7 11 | 11.1
Dodging        | 3 4 5 |  5.4
Invocations    | 1 2 4 7 |  7.4
Throwing       | 4 |  4.8

Action                     |  1- 3 |  4- 6 |  7- 9 | 10-12 || total
---------------------------+-------+-------+-------+-------++-------
  Melee: Mace              |    71 |   184 |   291 |     8 ||   554
  Throw: Dart              |       |       |    14 |       ||    14
         Boomerang         |       |       |    11 |       ||    11
 Invoke: Elemental Force   |       |       |     1 |     1 ||     2
         Upheaval          |       |       |       |     1 ||     1
    Use: Scroll            |     3 |     6 |     3 |     2 ||    14
         Potion            |     2 |     3 |     2 |       ||     7
 Armour: Robe              |     9 |       |       |       ||     9
         Leather armour    |    21 |    92 |   134 |     1 ||   248
         Skin              |       |       |    15 |       ||    15
  Dodge: Dodged            |    43 |   124 |   240 |       ||   407
  Block: Orb               |       |    16 |    32 |       ||    48
         Buckler           |       |       |   102 |     3 ||   105
